 Dungeon Crawl Stone Soup version 0.20-a0-650-gd54866b (webtiles) character file.

106954 Laan the Devastator (level 16, -15/115 HPs)
             Began as a Naga Fire Elementalist on Feb 15, 2017.
             Was a High Priest of Vehumet.
             Demolished by Donald
             ... wielding a +0 double sword
              (20 damage)
             ... on level 1 of the Orcish Mines on Feb 16, 2017.
             The game lasted 01:40:57 (33094 turns).

Laan the Devastator (Naga Fire Elementalist)       Turns: 33094, Time: 01:40:57

Health: -15/115    AC: 18    Str: 15    XL:     16   Next: 45%
Magic:  8/44       EV: 16    Int: 24    God:    Vehumet [*****.]
Gold:   1735       SH:  4    Dex: 12    Spells: 14/45 levels left

rFire    . . .     SeeInvis +   P - +10 halberd of Dim Light {elec, MP+9}
rCold    + . .     Gourm    .   X - +2 robe {MR+}
rNeg     + . .     Faith    .   (shield currently unavailable)
rPois    +         Spirit   .   m - +2 hat {Int+3}
rElec    .         Reflect  +   s - +0 cloak
rCorr    .         Harm     .   Q - +0 pair of gloves
MR       +++..                  i - +2 naga barding {rC+}
Stlth    ++........             L - amulet "Xyis" {Reflect rN+ Str+3 SH+4}
Regen    0.3/turn               G - ring of wizardry
MPRegen  0.3/turn               D - ring of Shaolin {EV+8}

@: very slightly contaminated, invisible, very slow
A: see invisible, deformed body, poison resistance, slowness 2, slow metabolism
1, spit poison 1, constrict 1, AC +5
a: Spit Poison, Renounce Religion


You were on level 1 of the Orcish Mines.
You worshipped Vehumet.
Vehumet was extremely pleased with you.
You were not hungry.

You visited 4 branches of the dungeon, and saw 24 of its levels.
You also visited: Bailey.

You collected 1865 gold pieces.
You spent 130 gold pieces at shops.

Inventory:

Hand Weapons
 f - a +7 dagger of electrocution
 P - the +10 halberd of Dim Light (weapon) {elec, MP+9}
   (You found it on level 10 of the Dungeon)

   Occasionally, upon striking a foe, it will discharge some electrical energy
   and cause terrible harm.
   It affects your magic capacity (+9).
Armour
 i - a +2 naga barding of cold resistance (worn)
 m - a +2 hat of intelligence (worn)
 s - a +0 cloak (worn)
 z - a +0 large shield
 Q - a +0 pair of gloves (worn)
 X - a +2 robe of magic resistance (worn)
 Y - a +2 robe of fire resistance
Magical Staves
 a - an uncursed staff of cold
Jewellery
 g - an uncursed ring of protection from cold
 u - an uncursed ring of protection from magic
 w - a +2 ring of protection
 D - the ring of Shaolin (left hand) {EV+8}
   (You found it on level 5 of the Dungeon)

   [ring of evasion]

   It affects your evasion (+8).
 G - a ring of wizardry (right hand)
 J - a +2 ring of intelligence
 L - the amulet "Xyis" (around neck) {Reflect rN+ Str+3 SH+4}
   (You bought it in a shop on level 10 of the Dungeon)

   [amulet of reflection]

   It shields you and reflects attacks.
   It affects your strength (+3).
   It protects you from negative energy.
   It affects your SH (+4).
Wands
 A - a wand of lightning (8/15)
 F - a wand of digging (10/24)
 K - a wand of flame (19/48)
 R - a wand of lightning (10/15)
 U - a wand of digging (11/24)
 V - a wand of lightning (7/15)
Scrolls
 d - a scroll of enchant weapon
 e - 4 scrolls of enchant armour
 k - 9 scrolls of teleportation
 p - 6 scrolls of remove curse
 v - 2 scrolls of holy word
 y - 2 scrolls of fear
 O - 4 scrolls of magic mapping
 S - 5 scrolls of identify
 W - a scroll of amnesia
Potions
 j - 5 potions of flight
 x - 3 potions of berserk rage
 B - 2 potions of haste
 H - 2 potions of cancellation
 M - a potion of might
 T - a potion of invisibility
Books
 b - a book of Flames

   Spells                             Type                      Level
   a - Flame Tongue                   Conjuration/Fire             1
   b - Throw Flame                    Conjuration/Fire             2
   c - Conjure Flame                  Conjuration/Fire             3
   d - Inner Flame                    Hexes/Fire                   3
   e - Sticky Flame                   Conjuration/Fire             4
   f - Fireball                       Conjuration/Fire             5
 l - a book of Necromancy

   Spells                             Type                      Level
   a - Pain                           Necromancy                   1
   b - Animate Skeleton               Necromancy                   1
   c - Vampiric Draining              Necromancy                   3
   d - Regeneration                   Charms/Necromancy            3
   e - Animate Dead                   Necromancy                   4
   f - Control Undead                 Necromancy                   4
 n - a book of Beasts

   Spells                             Type                      Level
   a - Summon Butterflies             Summoning                    1
   b - Call Canine Familiar           Summoning                    3
   c - Summon Ice Beast               Ice/Summoning                4
   d - Summon Mana Viper              Hexes/Summoning              5
   e - Summon Hydra                   Summoning                    7
 o - a book of Conjurations

   Spells                             Type                      Level
   a - Magic Dart                     Conjuration                  1
   b - Searing Ray                    Conjuration                  2
   c - Dazzling Spray                 Conjuration/Hexes            3
   d - Fulminant Prism                Conjuration/Hexes            4
   e - Force Lance                    Conjuration/Translocation    4
   f - Iskenderun's Mystic Blast      Conjuration                  4
 C - a book of Ice

   Spells                             Type                      Level
   a - Ice Form                       Ice/Transmutation            4
   b - Metabolic Englaciation         Hexes/Ice                    5
   c - Ozocubu's Refrigeration        Ice                          6
   d - Bolt of Cold                   Conjuration/Ice              6
   e - Freezing Cloud                 Conjuration/Ice/Air          6
   f - Simulacrum                     Ice/Necromancy               6
 I - a book of Debilitation

   Spells                             Type                      Level
   a - Corona                         Hexes                        1
   b - Slow                           Hexes                        2
   c - Gell's Gravitas                Hexes/Translocation          3
   d - Inner Flame                    Hexes/Fire                   3
   e - Cause Fear                     Hexes                        4
   f - Leda's Liquefaction            Hexes/Earth                  4
 N - a book of the Earth

   Spells                             Type                      Level
   a - Leda's Liquefaction            Hexes/Earth                  4
   b - Bolt of Magma                  Conjuration/Fire/Earth       5
   c - Statue Form                    Transmutation/Earth          6
   d - Iron Shot                      Conjuration/Earth            6
   e - Shatter                        Earth                        9
Miscellaneous
 h - a lightning rod (4/4)
Comestibles
 c - 13 bread rations
 q - 5 meat rations
 r - 13 royal jellies
 t - 2 chunks of flesh


   Skills:
 - Level 1.5 Dodging
 - Level 3.0 Stealth
 * Level 15.0 Spellcasting
 + Level 19.3 Conjurations
 + Level 10.7 Fire Magic
 - Level 4.1 Ice Magic
 - Level 4.0 Air Magic


You had 14 spell levels left.
You knew the following spells:

 Your Spells              Type           Power        Failure   Level  Hunger
a - Flame Tongue          Conj/Fire      #####        0%          1    None
b - Throw Flame           Conj/Fire      ######       0%          2    None
c - Sticky Flame          Conj/Fire      ######..     1%          4    None
d - Fireball              Conj/Fire      ######....   1%          5    ##.....
e - Iskenderun's Mystic   Conj           #######.     0%          4    None
f - Conjure Flame         Conj/Fire      ######..     1%          3    None
g - Freezing Cloud        Conj/Ice/Air   ######....   1%          6    ####...
h - Iron Shot             Conj/Erth      ######....   1%          6    ####...


Dungeon Overview and Level Annotations

Branches:
Dungeon (15/15)            Temple (1/1) D:4            Lair (6/6) D:8
 Shoals (0/4) Lair:2       Spider (0/4) Lair:2        Slime (0/5) Lair:5
    Orc (2/2) D:9          Vaults (0/5) D:13         Depths (0/5) D:15
    Elf: Orc:2

Altars:
Ashenzari
Cheibriados
Dithmenos
Fedhas
Gozag
Hepliaklqana
Makhleb
Okawaru
Qazlal
Ru
Sif Muna
Trog
Uskayaw
Vehumet
Xom
Yredelemnul
Zin
The Shining One
Beogh
Jiyva

Shops:
D:7 (   D:10 *

Annotations:
Orc:1 Donald


Innate Abilities, Weirdness & Mutations

You cannot wear boots.
Your serpentine skin is tough. (AC +5)
You have supernaturally acute eyesight. (SInv)
Armour fits poorly on your strangely shaped body.
Your system is resistant to poisons. (rPois)
You cover ground very slowly.
You have a slow metabolism.
You can spit poison.
You can use your snake-like lower body to constrict enemies.


Message History

Donald mumbles some strange words.
Donald seems to grow stronger.
You hit Donald but do no damage.
There is a sudden explosion of sparks!
Donald is severely wounded.
You constrict Donald. Donald hits you with a double sword!!
* * * LOW HITPOINT WARNING * * *
Donald hits you with a double sword!
* * * LOW HITPOINT WARNING * * *
Okay, then.
Press: ? - help, v - describe, . - travel
Here: Donald, wielding a double sword, wearing a glowing plate armour and wearing a shield of reflection (severely wounded, constricted by you, fast, unusually strong)
The floor.
You fade into invisibility!
You constrict Donald. You block Donald's attack.
You release your grip on Donald.
Donald barely misses you.
There is a staircase back to the Dungeon here.
Donald says, "I wonder if there's an end to this place."
You block Donald's attack. Donald hits you with a double sword!!
You die...

### ##...####.#.## ##.##
#...#.##.....#
#...#####.).[.##.#.####
##......###.[..#...###.##
#........#..........#...##
#........................#
#............><..........#
#..............@...##...##
............#...@......##
....................#...#
#....................#.##
###...#..##.....##..####
###################


You could see Donald.

Vanquished Creatures
  Gastronok (Lair:2)
  Roxanne (D:15)
  The ghost of mhilhors the Black Belt, a journeyman MfTm of Ru (D:13)
  2 very ugly things (D:15)
  An ettin (D:15)
  A rakshasa (D:15)
  11 hydras
  4 two-headed ogres
  2 dancing weapons (D:13)
  3 centaur warriors (D:15)
  The ghost of Vesto the Fighter, a journeyman GrFi of Okawaru (D:10)
  5 death yaks (Lair:6)
  Urug (D:10)
  4 unseen horrors
  3 skeletal warriors (D:15)
  A wizard (D:14)
  Pikel (D:4)
  A deep elf archer (D:15)
  An orc sorcerer (D:15)
  18 ugly things
  11 cyclopes
  4 manticores
  6 deep elf magi
  6 elephants (Lair:6)
  A merfolk siren (Lair:2)
  29 spiny frogs
  5 centaur skeletons
  4 gargoyles
  9 black mambas
  A torpor snail (Lair:2)
  5 komodo dragons
  7 rime drakes
  3 kobold demonologists
  3 hornets
  A merfolk (Lair:2)
  A jumping spider (Lair:2)
  A troll (D:13)
  3 polar bears
  5 tyrant leeches (Lair:6)
  9 slime creatures (D:15)
  13 dream sheep (Lair:6)
  11 hippogriffs
  32 blink frogs
  3 shadows
  A wraith (D:14)
  A vampire (D:13)
  42 yaks
  4 wyverns
  5 basilisks
  13 vampire mosquitoes
  A hungry ghost (D:15)
  A harpy simulacrum (D:14)
  16 water moccasins
  2 acid dragons
  13 orc warriors
  12 porcupines
  3 ice beasts
  A black bear (Lair:2)
  A slave (D:4)
  5 sky beasts
  A necrophage (D:15)
  13 ogres
  16 wolves (Lair:6)
  13 centaurs
  5 phantoms
  13 crocodiles
  6 big kobolds
  25 bullfrogs
  9 gnoll sergeants
  5 scorpions
  A wyvern skeleton (D:9)
  A water moccasin skeleton (D:6)
  4 killer bees
  8 wights
  A howler monkey (D:14)
  An electric eel (Lair:2)
  7 crimson imps
  A centaur zombie (D:5)
  5 bullfrog zombies
  7 gnoll shamans
  8 hounds
  Crazy Yiuf (D:2)
  3 bullfrog skeletons
  10 orc priests
  3 iguanas
  An iron imp (D:7)
  A jelly (D:6)
  22 orc wizards
  14 worker ants
  A hound skeleton (D:9)
  A worker ant zombie (D:7)
  A howler monkey skeleton (D:7)
  22 adders
  39 gnolls
  3 shadow imps
  3 oozes
  An adder zombie (D:9)
  An adder skeleton (D:7)
  2 worms
  2 dart slugs
  5 leopard geckos
  78 orcs
  A ball python (D:4)
  3 giant cockroaches
  9 hobgoblins
  20 jackals
  27 kobolds
  7 quokkas
  7 bats
  9 frilled lizards
  10 goblins
  3 goblin skeletons (D:7)
  A goblin zombie (D:7)
  A hobgoblin zombie (D:4)
  A kobold skeleton (D:7)
  2 kobold zombies (D:7)
  A leopard gecko skeleton (D:6)
  2 orc skeletons (D:7)
  2 orc zombies (D:7)
  A quokka zombie (D:9)
  6 rats
  2 fungi
  2 plants (Lair:6)
838 creatures vanquished.

Vanquished Creatures (others)
  2 slaves (D:4)
  A scorpion (D:4)
  2 howler monkeys
  A jelly (D:4)
  An orc wizard (D:4)
  A mummy (D:4)
  3 gnolls (D:4)
  An orc (D:4)
  A jackal (D:4)
  2 hobgoblin zombies (D:4)
  An orc zombie (D:4)
  2 bushes
  36 fungi
  71 plants
125 creatures vanquished.

Grand Total: 963 creatures vanquished

Notes
Turn   | Place    | Note
-------+----------+-------------------------------------------
     0 | D:1      | Laan the Naga Fire Elementalist began the quest for the Orb.
     0 | D:1      | Reached XP level 1. HP: 15/15 MP: 3/3
   201 | D:1      | Reached XP level 2. HP: 19/22 MP: 0/5
   487 | D:1      | Reached skill level 2 in Conjurations
   740 | D:1      | Reached XP level 3. HP: 17/28 MP: 3/6
  1810 | D:2      | Reached XP level 4. HP: 34/36 MP: 4/8
  2027 | D:2      | Found a runed door.
  2036 | D:2      | Learned a level 3 spell: Conjure Flame
  2037 | D:2      | Noticed Crazy Yiuf
  2046 | D:2      | Killed Crazy Yiuf
  2046 | D:2      | Reached skill level 3 in Conjurations
  2407 | D:2      | Reached XP level 5. HP: 39/42 MP: 7/10
  2554 | D:2      | Found a sacrificial altar of Ru.
  3117 | D:3      | Reached skill level 4 in Conjurations
  3829 | D:3      | Reached XP level 6. HP: 46/49 MP: 2/11
  3912 | D:3      | Found an opulent altar of Gozag.
  3916 | D:3      | Found a blossoming altar of Fedhas.
  3919 | D:3      | Found a deep blue altar of Sif Muna.
  4426 | D:4      | Learned a level 4 spell: Sticky Flame
  4441 | D:4      | Learned a level 5 spell: Fireball
  4530 | D:4      | Reached skill level 5 in Conjurations
  4689 | D:4      | Noticed a slave
  4692 | D:4      | Noticed Pikel
  4698 | D:4      | Killed a slave
  4704 | D:4      | Noticed a slave
  4706 | D:4      | Killed Pikel
  4706 | D:4      | Reached skill level 5 in Spellcasting
  4706 | D:4      | Reached skill level 6 in Conjurations
  4706 | D:4      | Reached XP level 7. HP: 7/55 MP: 3/14
  4706 | D:4      | Reached XP level 8. HP: 8/62 MP: 3/15
  5162 | D:4      | Reached skill level 7 in Conjurations
  5349 | D:4      | Learned a level 4 spell: Iskenderun's Mystic Blast
  5563 | D:4      | Found a staircase to the Ecumenical Temple.
  5567 | Temple   | Entered the Ecumenical Temple
  5613 | Temple   | Became a worshipper of Vehumet
  5873 | D:5      | Entered Level 5 of the Dungeon
  6073 | D:5      | Reached skill level 8 in Conjurations
  7156 | D:6      | Reached skill level 9 in Conjurations
  7156 | D:6      | Reached XP level 9. HP: 68/68 MP: 0/18
  7350 | D:6      | Reached * piety under Vehumet
  7350 | D:6      | Offered knowledge of Freeze by Vehumet.
  7554 | D:6      | Found an iron altar of Okawaru.
  7811 | D:6      | Found a stormy altar of Qazlal.
  7813 | D:6      | Found a shattered altar of Ashenzari.
  7814 | D:6      | Found a shimmering altar of Xom.
  7857 | D:6      | Reached skill level 10 in Conjurations
  8484 | D:6      | Learned a level 2 spell: Throw Flame
  8551 | D:6      | Reached skill level 11 in Conjurations
  8658 | D:6      | Reached XP level 10. HP: 75/75 MP: 12/21
  8879 | D:7      | Offered knowledge of Sandblast by Vehumet.
  9039 | D:6      | Reached ** piety under Vehumet
  9137 | D:7      | Found a glowing golden altar of the Shining One.
  9349 | D:7      | Found a shadowy altar of Dithmenos.
  9735 | D:7      | Found Bacaes's Weapon Emporium.
  9855 | D:7      | Offered knowledge of Throw Frost by Vehumet.
 10382 | D:8      | Reached skill level 12 in Conjurations
 10389 | D:8      | Reached *** piety under Vehumet
 10422 | D:8      | HP: 2/75 [yak (7)]
 10704 | D:8      | Found a staircase to the Lair.
 11119 | D:8      | Found Yguihes's General Store.
 11348 | D:8      | Reached XP level 11. HP: 78/81 MP: 15/24
 11572 | Lair:1   | Entered Level 1 of the Lair of Beasts
 11584 | Lair:1   | Reached skill level 13 in Conjurations
 11639 | Lair:1   | Noticed an eight-headed hydra
 11648 | Lair:1   | Killed an eight-headed hydra
 11998 | Lair:1   | Offered knowledge of Throw Icicle by Vehumet.
 12799 | Lair:2   | Reached skill level 14 in Conjurations
 12918 | Lair:2   | Noticed Gastronok
 13027 | Lair:2   | Killed Gastronok
 13027 | Lair:2   | Reached skill level 10 in Spellcasting
 13169 | Lair:2   | Found a hole to the Spider Nest.
 13380 | Lair:2   | Reached XP level 12. HP: 88/88 MP: 20/26
 13385 | Lair:2   | Reached **** piety under Vehumet
 13570 | Lair:2   | Found a staircase to the Shoals.
 13671 | Lair:2   | Noticed a five-headed hydra
 13675 | Lair:2   | Killed a five-headed hydra
 13675 | Lair:2   | Reached skill level 15 in Conjurations
 13911 | Lair:2   | Offered knowledge of Irradiate by Vehumet.
 15025 | Lair:3   | Noticed a five-headed hydra
 15036 | Lair:3   | Killed a five-headed hydra
 15100 | Lair:3   | Reached skill level 16 in Conjurations
 15427 | Lair:3   | You fall through a shaft for 3 floors!
 15427 | Lair:6   | Entered Level 6 of the Lair of Beasts
 15438 | Lair:5   | Found a staircase to the Slime Pits.
 15438 | Lair:5   | Found a viscous altar of Jiyva.
 16663 | Lair:5   | Got a sapphire quarterstaff
 16664 | Lair:5   | Identified the +7 quarterstaff of Giciyd {holy, *Contam rElec rPois Int-5} (You found it on level 5 of the Lair of Beasts)
 16872 | Lair:5   | Gained mutation: You can use your snake-like lower body to constrict enemies. [Naga growth]
 16872 | Lair:5   | Reached XP level 13. HP: 94/94 MP: 20/28
 17741 | Lair:4   | Reached ***** piety under Vehumet
 18225 | Lair:3   | Reached skill level 17 in Conjurations
 18291 | Lair:3   | Offered knowledge of Bolt of Magma by Vehumet.
 19712 | Lair:6   | Reached skill level 5 in Fire Magic
 20145 | Lair:6   | Reached XP level 14. HP: 99/102 MP: 11/30
 20966 | Lair:6   | Offered knowledge of Olgreb's Toxic Radiance by Vehumet.
 20968 | Lair:6   | Reached skill level 18 in Conjurations
 22431 | Lair:6   | Identified a scroll of acquirement
 22894 | D:9      | Found a roughly hewn altar of Beogh.
 22894 | D:9      | Found a staircase to the Orcish Mines.
 22904 | D:9      | Offered knowledge of Ozocubu's Refrigeration by Vehumet.
 23493 | D:9      | Paralysed by a hornet for 2 turns
 23587 | D:10     | Entered Level 10 of the Dungeon
 23752 | D:10     | Noticed Vesto's ghost (journeyman GrFi)
 23776 | D:10     | Killed Vesto's ghost
 23999 | D:10     | Got a brightly glowing halberd
 24000 | D:10     | Identified the +10 halberd of Dim Light {elec, MP+9} (You found it on level 10 of the Dungeon)
 24185 | D:10     | Found Hoeph's Assorted Antiques.
 24193 | D:10     | Bought a vibrating diamond amulet for 130 gold pieces
 24413 | D:10     | Noticed Urug
 24418 | D:10     | Killed Urug
 24892 | D:11     | Reached XP level 15. HP: 99/108 MP: 32/32
 25764 | D:12     | Found a bloodstained altar of Trog.
 26474 | D:12     | Offered knowledge of Venom Bolt by Vehumet.
 26712 | D:13     | Found a flagged portal.
 26721 | Bailey   | Entered a bailey
 27107 | Bailey   | Identified the amulet "Xyis" {Reflect rN+ Str+3 SH+4} (You bought it in a shop on level 10 of the Dungeon)
 27473 | D:13     | Found a gate to the Vaults.
 27585 | D:13     | Noticed mhilhors's ghost (journeyman MfTm)
 28072 | D:13     | Killed mhilhors's ghost
 29363 | D:14     | Offered knowledge of Bolt of Cold by Vehumet.
 29396 | D:14     | Reached skill level 19 in Conjurations
 29501 | D:14     | Reached skill level 10 in Fire Magic
 29590 | D:14     | Learned a level 6 spell: Freezing Cloud
 29623 | D:14     | Reached skill level 1 in Ice Magic
 29623 | D:14     | Reached skill level 1 in Air Magic
 30048 | D:15     | Entered Level 15 of the Dungeon
 30248 | D:15     | Noticed Roxanne
 31129 | D:15     | Reached XP level 16. HP: 62/115 MP: 29/34
 31487 | D:15     | Offered knowledge of Conjure Ball Lightning by Vehumet.
 32134 | D:15     | Found a staircase to the Depths.
 32506 | D:15     | Killed Roxanne
 32506 | D:15     | Reached skill level 15 in Spellcasting
 32516 | D:15     | Learned a level 6 spell: Iron Shot
 32779 | D:15     | Upgraded the game from 0.20-a0-647-gf178af5 to 0.20-a0-650-gd54866b
 32981 | Orc:1    | Entered Level 1 of the Orcish Mines
 33073 | Orc:2    | Entered Level 2 of the Orcish Mines
 33078 | Orc:2    | Noticed Donald
 33090 | Orc:1    | HP: 3/115 [Donald/double sword (14)]
 33094 | Orc:1    | Demolished by Donald

Vault maps used:
D:1:      ncdulo_watergridlock
D:2:      nicolae_ru_the_path_less_chosen, uniq_crazy_yiuf_cottage
D:3:      minmay_overflow_temple_star_quad
D:4:      temple_statues, hangedman_decor_clover_reticule, abandoned_shop,
          grunt_ministairs_3, minmay_mini_ossuary, uniq_pikel
D:5:      nicolae_overflow_hidden_temple, first_bread
D:6:      grunt_temple_overflow_open, kennysheep_okawaru_gauntlet
D:7:      nicolae_tso_besieged_by_evil, serial_shops, nicolae_shop_trees,
          grunt_ogre_cave, minmay_misc_feat_doors,
          nicolae_dithmenos_the_darkroom
D:8:      minmay_lair_entry_grove, serial_shops, nicolae_shop_crystal
D:9:      david_orc_5, item_on_display_a
D:10:     serial_shops, shop, uniq_urug
D:12:     basic_altar
D:13:     erik_vaults_1, lightli_bailey_entry_fortress, spider_trap
D:14:     minmay_misc_feat_ornament, lemuel_flamethrower_hall
D:15:     hangedman_depths_entry_civil_slaughter, serial_park_square3,
          st_stairs_5, uniq_roxanne
Temple:   nicolae_temple_hex_pool
Lair:2:   elwin_shoals_entry_rooms, spider_nest_entry_rubble,
          infiniplex_staircase_pool, uniq_gastronok
Lair:4:   lemuel_fruit_fields
Lair:5:   beast_lair_carwin_large_2, slime_altar_1, infiniplex_staircase_pool_2
Lair:6:   minmay_lair_end_frog_pond
Orc:2:    grunt_orc_gardens, grunt_orc_garden, grunt_orc_garden,
          grunt_orc_garden, grunt_orc_garden, uniq_donald, uniq_saint_roka
Bailey:   bailey_polearm_gnolls_kennysheep, bailey

Skill      XL: |  1  2  3  4  5  6  7  8  9 10 11 12 13 14 15 16 |
---------------+-------------------------------------------------+-----
Conjurations   | 2 3 4 6 9 11 12 14 16 17 18 19 | 19.3
Spellcasting   | 3 5 6 7 9 10 11 12 13 14 15 | 15.0
Fire Magic     | 5 8 10 | 10.7
Ice Magic      | 4 |  4.1
Air Magic      | 4 |  4.0
Dodging        | |  1.5
Stealth        | |  3.0

Action                   |  1- 3 |  4- 6 |  7- 9 | 10-12 | 13-15 | 16-18 || total
-------------------------+-------+-------+-------+-------+-------+-------++-------
Melee: Unarmed           |     2 |       |       |       |       |       ||     2
       Dagger            |    19 |    14 |    27 |   120 |   251 |       ||   431
       Constrict         |       |       |       |       |   115 |     7 ||   122
       Halberd           |       |       |       |       |   340 |    55 ||   395
 Cast: Flame Tongue      |    55 |   149 |   195 |   292 |   371 |    50 ||  1112
       Conjure Flame     |       |     2 |     5 |     3 |     5 |       ||    15
       Sticky Flame      |       |     1 |    11 |    64 |   118 |    12 ||   206
       Throw Flame       |       |       |     5 |   103 |   111 |    16 ||   235
       Iskenderun's Myst |       |       |     3 |    11 |    42 |    11 ||    67
       Fireball          |       |       |     2 |    14 |   109 |    33 ||   158
       Freezing Cloud    |       |       |       |       |     2 |    10 ||    12
       Iron Shot         |       |       |       |       |       |     5 ||     5
 Abil: Spit Poison       |     1 |     1 |     3 |       |       |       ||     5
  Use: Scroll            |       |       |     5 |    18 |    17 |       ||    40
       Potion            |       |       |     1 |     4 |     5 |     1 ||    11
 Stab: Sleeping          |       |     1 |     1 |     3 |     5 |       ||    10
       Distracted        |       |       |       |     1 |     1 |     1 ||     3
  Eat: Chunk             |     2 |     7 |    10 |    22 |    28 |     5 ||    74
       Fruit             |       |       |     4 |     4 |    11 |       ||    19
       Meat ration       |       |       |       |       |     2 |     1 ||     3
Armor: Robe              |    12 |    23 |    17 |    34 |   214 |    34 ||   334
Dodge: Dodged            |    34 |    60 |    91 |   214 |   524 |    60 ||   983
Block: Other             |       |       |       |    23 |   128 |    14 ||   165
       Reflection        |       |       |       |       |     6 |     6 ||    12
